 Dungeon Crawl Stone Soup version 0.25-a0-634-gd1561dc703 (webtiles) character file.

Game seed: 4133491914778655478, levelgen mode: deterministic

213 DasRunzen the Poker (level 5, -1/46 HPs)
             Began as a Draconian Gladiator on Mar 20, 2020.
             Slain by a gnoll
             ... wielding a +0 spear
              (6 damage)
             ... on level 3 of the Dungeon.
             The game lasted 00:10:03 (2468 turns).

DasRunzen the Poker (Draconian Gladiator)           Turns: 2468, Time: 00:10:03

Health: -1/46      AC:  7    Str: 16    XL:     5   Next: 59%
Magic:  8/8        EV: 13    Int: 10    God:
Gold:   151        SH:  0    Dex: 12    Spells: 8/8 levels left

rFire    . . .     SeeInvis .   a - +0 trident
rCold    . . .     Gourm    .   (no shield)
rNeg     . . .     Faith    .   (armour unavailable)
rPois    .         Spirit   .   b - +1 hat
rElec    .         Reflect  .   j - +0 cloak
rCorr    .         Harm     .   (no gloves)
MR       .....                  (no boots)
Stlth    +.........             (no amulet)
HPRegen  0.15/turn              (no ring)
MPRegen  0.11/turn              (no ring)

@: no status effects
A: unfitting armour, cold-blooded, AC +5
a: no special abilities


You were on level 3 of the Dungeon.
You were not hungry.

You visited 1 branch of the dungeon, and saw 3 of its levels.

You collected 151 gold pieces.

Inventory:

Hand Weapons
 a - a +0 trident (weapon)
Missiles
 c - 4 throwing nets (quivered)
Armour
 b - a +1 hat (worn)
 j - a +0 cloak (worn)
Wands
 f - a wand of digging (5)
 l - a wand of flame (16)
Scrolls
 g - 2 scrolls of remove curse
 m - a scroll of identify
Potions
 e - a potion of cancellation
 h - a potion of curing
 k - a potion of heal wounds
Comestibles
 d - 7 rations
 i - 3 chunks of flesh


   Skills:
 + Level 3.7 Fighting
 + Level 4.0 Polearms
 - Level 1.7 Throwing
 + Level 3.7 Dodging
 + Level 2.2 Spellcasting


You had 8 spell levels left.
You didn't know any spells.
Your spell library was empty.

Dungeon Overview and Level Annotations

Branches:
Dungeon (3/15)

Altars:
Xom


Innate Abilities, Weirdness & Mutations

Your plain brown scales are hard. (AC +5)
You cannot fit into any form of body armour.
You are cold-blooded and may be slowed by cold attacks.


Message History

Attack whom?
Press: ? - help, Dir - move target cursor, f/p - gnoll
Aim: a gnoll, wielding a +0 spear (almost dead)
You reach to attack!
You barely miss the gnoll.
The gnoll is almost dead.
The gnoll hits you from afar with a +0 spear.
Attack whom?
Press: ? - help, Dir - move target cursor, f/p - gnoll
Aim: a gnoll, wielding a +0 spear (almost dead)
You reach to attack!
You closely miss the gnoll.
The gnoll is almost dead.
The gnoll hits you from afar with a +0 spear!
* * * LOW HITPOINT WARNING * * *
Attack whom?
Press: ? - help, Dir - move target cursor, f/p - gnoll
Aim: a gnoll, wielding a +0 spear (almost dead)
You reach to attack!
You barely miss the gnoll.
The gnoll is almost dead.
The gnoll hits you from afar with a +0 spear.
You die...

......#### ........#
#<......# g......# # #
......### . #.# #........
## ##...#.####### ..
.............g###### ##
....s.#.......)@...###...
..
......#####...##.......(..
#. .....
####...##.......... .....
#................. ....
#...............# ## ....
#...............# #.
#...............# #.
#...............# .# #.
#...............# .# #.


You could see a gnoll.

Vanquished Creatures
  Robin (D:3)
  4 adders
  6 gnolls
  A worm (D:1)
  A leopard gecko (D:2)
  3 orcs
  6 giant cockroaches
  15 goblins
  13 hobgoblins
  8 kobolds
  2 quokkas
  8 bats
  2 frilled lizards
  5 rats
75 creatures vanquished.

Vanquished Creatures (others)
  An orc wizard (D:2)
  A goblin (D:3)
2 creatures vanquished.

Grand Total: 77 creatures vanquished

Notes
Turn   | Place    | Note
-------+----------+-------------------------------------------
     0 | D:1      | DasRunzen the Draconian Gladiator began the quest for the
                  | Orb.
     0 | D:1      | Reached XP level 1. HP: 17/17 MP: 1/1
    72 | D:1      | Reached XP level 2. HP: 24/25 MP: 2/2
   391 | D:1      | Reached skill level 1 in Spellcasting
   432 | D:1      | Reached XP level 3. HP: 28/30 MP: 4/4
  1166 | D:2      | Found a shimmering altar of Xom.
  1481 | D:3      | Noticed Robin
  1593 | D:2      | Reached XP level 4. HP: 33/38 MP: 6/6
  1693 | D:3      | Killed Robin
  2013 | D:2      | Reached XP level 5. HP: 24/45 MP: 7/7
  2245 | D:3      | Reached skill level 4 in Polearms
  2468 | D:3      | Slain by a gnoll

Levels and vault maps discovered:
D:1:      dpeg_arrival_brainrot, layout_basic
D:2:      layout_basic, lemuel_doored_altar, first_ration
D:3:      layout_basic, marbit_many_paths, minivault_11, st_stairs_6,
          minmay_misc_feat_more_columns, uniq_robin

Skill      XL: |  1  2  3  4  5 |
---------------+----------------+-----
Dodging        | 3 |  3.7
Spellcasting   | 1 2 |  2.2
Fighting       | 3 |  3.7
Polearms       | 4 |  4.0
Throwing       | |  1.7

Action                   |  1- 3 |  4- 6 || total
-------------------------+-------+-------++-------
Melee: Trident           |   133 |   133 ||   266
       Tailslap          |    11 |    14 ||    25
  Use: Scroll            |     7 |     2 ||     9
       Potion            |       |     1 ||     1
 Stab: Sleeping          |     1 |       ||     1
  Eat: Chunk             |     2 |     3 ||     5
Armor: Skin              |    34 |    34 ||    68
Dodge: Dodged            |    74 |   128 ||   202

Table legend:
 A = Non-vault XP
 B = Vault XP
 C = Vault XP percentage of total XP
 D = Non-vault monster count
 E = Vault monster count
 F = Vault count percentage of total count
                 A         B        C        D         E       F
            +---------+---------+-------+---------+---------+-------
      Total |     266 |      39 |  12.8 |      64 |      12 |  15.8
            +---------+---------+-------+---------+---------+-------
        D:1 |      47 |       5 |   9.6 |      28 |       1 |   3.4
        D:2 |      91 |      15 |  14.2 |      18 |       8 |  30.8
        D:3 |     128 |      19 |  12.9 |      18 |       3 |  14.3
            +---------+---------+-------+---------+---------+-------
